 Dungeon Crawl Stone Soup version 0.22.1-5-g62c59d919a (webtiles) character file.

27964 Riddle the Cruncher (level 13, -3/101 HPs)
             Began as a Formicid Chaos Knight on Jan 13, 2019.
             Slain by a blink frog (12 damage)
             ... on level 4 of the Lair of Beasts.
             The game lasted 00:31:07 (15029 turns).

Riddle the Cruncher (Formicid Chaos Knight)        Turns: 15029, Time: 00:31:08

Health: -3/101     AC: 25    Str: 23    XL:     13   Next: 69%
Magic:  22/22      EV: 11    Int: 18    God:    Xom [*.....]
Gold:   680        SH: 18    Dex: 15    Spells: 12/12 levels left

rFire    . . .     SeeInvis +   x - +10 double sword (chaos)
rCold    . . .     Gourm    .   m - +0 large shield
rNeg     . . .     Faith    .   l - +4 plate armour
rPois    .         Spirit   .   (helmet unavailable)
rElec    .         Reflect  .   v - +0 cloak
rCorr    .         Harm     .   (no gloves)
MR       +....                  i - +1 pair of boots
Stlth    ..........             k - amulet of magic regeneration
HPRegen  0.26/turn              b - ring of magical power
MPRegen  0.43/turn              r - ring of wizardry

@: brilliant, agile, very slightly contaminated, drained, invisible
A: permanent stasis, dig shafts and tunnels, four strong arms, antennae 3,
hooves 1, icy blue scales 1, thin metallic scales 1, deterioration 1, strong 1,
wild magic 1, sturdy frame 1
a: Dig, Shaft Self, Renounce Religion


You were on level 4 of the Lair of Beasts.
You worshipped Xom.
You were a special plaything of Xom.
You were very hungry.

You visited 2 branches of the dungeon, and saw 14 of its levels.

You collected 960 gold pieces.
You spent 280 gold pieces at shops.

Inventory:

Hand Weapons
 x - a +10 double sword of chaos (weapon)
Armour
 i - a +1 pair of boots (worn)
 l - a +4 plate armour (worn)
 m - a +0 large shield (worn)
 v - a +0 cloak (worn)
Jewellery
 b - a ring of magical power (left hand)
 k - an amulet of magic regeneration (around neck)
 r - a ring of wizardry (right hand)
Wands
 f - a wand of disintegration (11)
 w - a wand of digging (12)
 y - a wand of polymorph (18)
 B - a wand of flame (26)
 D - a wand of iceblast (20)
Scrolls
 d - 12 scrolls of identify
 e - 4 scrolls of enchant weapon
 j - a scroll of fog
 n - a scroll of enchant armour
 o - a scroll of magic mapping
 t - 7 scrolls of amnesia
 F - 3 scrolls of remove curse
Potions
 a - a potion of heal wounds
 g - 8 potions of curing
 h - a potion of invisibility
 p - 3 potions of agility
 q - 2 potions of brilliance
 s - a potion of might {unknown}
 u - 4 potions of magic {unknown}
 z - a potion of haste {unknown}
 C - a potion of flight {unknown}
 E - 2 potions of ambrosia {unknown}
 H - 3 potions of berserk rage {unknown}
Comestibles
 c - 32 rations


   Skills:
 - Level 9.0(8.5) Fighting
 + Level 11.2(10.6) Long Blades
   Level 3.1(8.7) Polearms
   Level 13.1(12.7) Staves
 - Level 9.0(8.5) Armour
 - Level 0.8(0.4) Dodging
 + Level 10.4(9.9) Shields


You had 12 spell levels left.
You didn't know any spells.
Your spell library contained the following spells:

 Spells                   Type           Power        Failure   Level  Hunger
 Confusing Touch          Hex            ##....       47%         1    ##.....
 Corona                   Hex            ##.....      47%         1    ##.....
 Magic Dart               Conj           ##..         47%         1    ##.....
 Ensorcelled Hibernation  Hex/Ice        ##....       58%         2    ###....
 Searing Ray              Conj           ##....       58%         2    ###....
 Slow                     Hex            ##......     58%         2    ###....
 Confuse                  Hex            ##......     78%         3    ####...
 Dazzling Spray           Conj/Hex       ##....       78%         3    ####...
 Gell's Gravitas          Tloc           ##........   78%         3    ####...
 Inner Flame              Hex/Fire       ##......     78%         3    ####...
 Portal Projectile        Hex/Tloc       ##....       78%         3    ####...
 Tukima's Dance           Hex            ##......     78%         3    ####...
 Cause Fear               Hex            ##........   98%         4    #####..
 Force Lance              Conj/Tloc      ##......     98%         4    #####..
 Fulminant Prism          Conj/Hex       ##........   98%         4    #####..
 Iskenderun's Mystic Bla  Conj           ##......     98%         4    #####..
 Leda's Liquefaction      Hex/Erth       ##........   98%         4    #####..
 Petrify                  Tmut/Erth      ##......     98%         4    #####..
 Bolt of Magma            Conj/Fire/Erth ##........   100%        5    ######.
 Iskenderun's Battlesphe  Conj/Chrm      ##......     100%        5    ######.
 Metabolic Englaciation   Hex/Ice        ##........   100%        5    ######.
 Venom Bolt               Conj/Pois      ##........   100%        5    ######.
 Yara's Violent Unravell  Hex/Tmut       ##........   100%        5    ######.
 Iron Shot                Conj/Erth      ##........   100%        6    #######
 Orb of Destruction       Conj           ##........   100%        7    #######
 Spellforged Servitor     Conj/Summ      ##........   100%        7    #######


Dungeon Overview and Level Annotations

Branches:
Dungeon (10/15)            Temple (0/1) D:7            Lair (4/6) D:10
  Snake (0/4) Lair:2
  Swamp: Lair:2-4    Shoals: Lair:2-4       Orc: D:9-12

Altars:
Ashenzari
Cheibriados
Dithmenos
Fedhas
Kikubaaqudgha
Makhleb
Okawaru
Ru
Sif Muna
Trog
Uskayaw
Vehumet
Wu Jian
Xom
Yredelemnul
Beogh

Shops:
D:4 [   D:5 (   D:7 !

Annotations:
Lair:2 exclusion: 4 oklob plants
Lair:3 3 runed doors, Tuanipua's ghost, journeyman MiGl


Innate Abilities, Weirdness & Mutations

You cannot be hasted, slowed, berserked, paralysed or teleported.
You can dig through walls and to a lower floor.
Your four strong arms can wield two-handed weapons with a shield.
You have a pair of large antennae on your head. (SInv)
You have large cloven feet.
You are partially covered in icy blue scales. (AC +2)
You are partially covered in thin metallic scales. (AC +2)
Your body sometimes deteriorates upon taking damage.
Your muscles are strong. (Str +2)
Your spells are a little harder to cast, but a little more powerful.
Your movements are slightly less encumbered by armour. (ER -2)


Message History

You chop one of the 13-headed hydra's heads off!
The 12-headed hydra grows two more!
You slice the 14-headed hydra!!
The 14-headed hydra seems to slow down.
You freeze the 14-headed hydra.
You kill the 14-headed hydra!
Xom briefly touches your surroundings.
You are now a special plaything of Xom.
A blink frog comes into view.
You block the hippogriff's attack.
The hippogriff pecks you but does no damage.
The hippogriff closely misses you. The spiny frog closely misses you.
You riposte.
You catch the helpless spiny frog completely off-guard!
You slash the spiny frog! You drain the spiny frog!
You kill the spiny frog!
You extend your mandibles.
You dig through the rock wall.
You feel sick.
You are no longer poisoned.
The blink frog hits you but does no damage.
The blink frog hits you!
You die...
Xom cackles wildly!

..................F...........
...................F..........
.........####..#..#..#........
#.8.8.#...##.8.#####..........
....F...........# #...........
...<...........8##............
..§..........>..##............
.§8.8..#..##F8.####...........
...##†#@## ###.#####..# ...
##F## #. ..#. . #.H# #.. ..F.#
##.F.# _._._ ....__ _._....
.........


You could see a hippogriff and 4 blink frogs.

Vanquished Creatures
  3 hydras
  2 two-headed ogres
  Urug (Lair:1)
  An unseen horror (D:8)
  4 black mambas
  9 spiny frogs
  A rime drake (Lair:2)
  A komodo dragon (shapeshifter) (D:10)
  2 komodo dragons (Lair:3)
  A polar bear (Lair:3)
  4 hornets
  Prince Ribbit (Lair:2)
  12 blink frogs
  7 hippogriffs
  12 spriggans (Lair:3)
  4 yaks (Lair:2)
  5 hungry ghosts
  4 basilisks
  Menkaure (D:4)
  A soldier ant (D:8)
  13 water moccasins
  11 porcupines
  5 orc warriors
  6 black bears
  A hornet zombie (D:6)
  2 ice beasts
  3 phantoms
  6 sky beasts
  3 boggarts (Lair:3)
  5 ogres
  A wolf (Lair:2)
  5 centaurs
  4 big kobolds
  7 crocodiles
  14 bullfrogs
  A wyvern zombie (D:10)
  A water moccasin zombie (D:6)
  3 scorpions
  8 killer bees
  A howler monkey (D:5)
  A crimson imp (D:10)
  2 centaur zombies
  A quasit (D:8)
  6 jellies
  A centaur skeleton (D:10)
  2 hounds
  A hound (shapeshifter) (D:9)
  Crazy Yiuf (D:6)
  2 orc priests
  2 iguanas (shapeshifter)
  An iguana (D:6)
  7 orc wizards
  9 worker ants
  A hound skeleton (D:6)
  A worker ant zombie (D:6)
  11 gnolls
  18 adders
  2 shadow imps
  2 oozes (D:1)
  2 adder zombies
  An adder skeleton (D:5)
  4 worms (D:3)
  A dart slug (D:1)
  42 orcs
  A ball python (D:4)
  6 giant cockroaches
  5 goblins
  6 hobgoblins
  13 jackals
  19 kobolds
  5 quokkas
  8 bats
  4 frilled lizards
  2 gnoll zombies (D:9)
  A leopard gecko skeleton (D:7)
  A leopard gecko zombie (D:5)
  6 rats
374 creatures vanquished.

Vanquished Creatures (collateral kills)
  A blink frog (Lair:3)
  Duvessa (D:7)
  An ogre (D:7)
  An orc warrior (D:7)
  Dowan (D:7)
  An iguana (D:7)
  A worker ant zombie (D:9)
  A howler monkey skeleton (D:7)
  An ooze (D:7)
9 creatures vanquished.

Vanquished Creatures (others)
  2 blink frogs (Lair:2)
  A porcupine (Lair:2)
  A killer bee (D:5)
  An orc (D:5)
  6 fungi
  5 plants
16 creatures vanquished.

Grand Total: 399 creatures vanquished

Notes
Turn   | Place    | Note
-------+----------+-------------------------------------------
     0 | D:1      | Riddle the Formicid Chaos Knight began the quest for the
                  | Orb.
     0 | D:1      | Reached XP level 1. HP: 18/18 MP: 1/1
    82 | D:1      | Reached XP level 2. HP: 23/24 MP: 2/2
   361 | D:1      | Reached XP level 3. HP: 28/30 MP: 3/3
   740 | D:2      | Reached XP level 4. HP: 32/38 MP: 4/4
   794 | D:1      | XOM: god gift: 47 gold pieces
  1013 | D:2      | Reached XP level 5. HP: 43/43 MP: 5/5
  1301 | D:2      | XOM: god gift: long sword {god gift}
  1306 | D:2      | XOM: summons 1 hostile demon
  1416 | D:3      | Reached skill level 5 in Fighting
  1912 | D:3      | Found a shattered altar of Ashenzari.
  2083 | D:3      | XOM: enchant monster (good)
  2112 | D:3      | XOM: confuse monster(s)
  2123 | D:3      | XOM: enchant monster (good)
  2125 | D:3      | Reached XP level 6. HP: 51/51 MP: 6/6
  2292 | D:3      | Noticed a moth of wrath
  2295 | D:3      | Found a bloodstained altar of Trog.
  2896 | D:4      | Reached skill level 5 in Armour
  2938 | D:4      | Found Puanedghe's Antique Armour Emporium.
  2939 | D:4      | Noticed Menkaure
  2951 | D:4      | Killed Menkaure
  2951 | D:4      | Reached XP level 7. HP: 23/58 MP: 7/7
  3268 | D:4      | Bought a dazzling chain mail for 266 gold pieces
  3279 | D:4      | Identified the cursed +0 chain mail "Ketrey" {*Slow rCorr
                  | Int+4} (You bought it in a shop on level 4 of the Dungeon)
  3413 | D:4      | XOM: medium Conj miscast
  3433 | D:4      | XOM: cloud trail
  3500 | D:5      | Entered Level 5 of the Dungeon
  3510 | D:5      | XOM: cleaving
  3524 | D:5      | XOM: divination: magic mapping
  3525 | D:5      | You fall through a shaft for 2 floors!
  3525 | D:7      | Noticed Duvessa
  3525 | D:7      | Noticed Dowan
  3534 | D:7      | Killed Dowan
  3536 | D:7      | Gained mutation: You have large cloven feet. [potion of
                  | mutation]
  3536 | D:7      | Gained mutation: You possess an exceptional clarity of
                  | mind. [potion of mutation]
  3536 | D:7      | Gained mutation: Your flesh is cold resistant. (rC+)
                  | [potion of mutation]
  3536 | D:7      | Gained mutation: Your skin changes colour to match your
                  | surroundings (Stealth+). [potion of mutation]
  3536 | D:7      | Killed Duvessa
  3536 | D:7      | Reached skill level 1 in Shields
  3617 | D:7      | Found a staircase to the Ecumenical Temple.
  3622 | D:7      | XOM: destruction
  3661 | D:7      | XOM: cast spell 'Summon Dragon'
  3669 | D:7      | Reached XP level 8. HP: 61/67 MP: 8/8
  3823 | D:6      | XOM: enchant monster (bad)
  3928 | D:6      | XOM: enchant monster (bad)
  3937 | D:6      | XOM: enchant monster (bad)
  3937 | D:6      | XOM: butterfly on damage
  4006 | D:5      | Found Sesamoot's Weapon Shop.
  4119 | D:5      | XOM: confuse monster(s)
  4152 | D:5      | Found an ornate altar of the Wu Jian Council.
  4159 | D:5      | XOM: swap monsters
  4173 | D:5      | Found a bloodstained altar of Trog.
  4173 | D:5      | Found a radiant altar of Vehumet.
  4174 | D:5      | Found an ancient bone altar of Kikubaaqudgha.
  4175 | D:5      | Found an iron altar of Okawaru.
  4175 | D:5      | Found a snail-covered altar of Cheibriados.
  4176 | D:5      | Found a hide-covered altar of Uskayaw.
  4375 | D:5      | Reached XP level 9. HP: 74/74 MP: 9/9
  4444 | D:5      | XOM: give mutations
  4444 | D:5      | Gained mutation: You are partially covered in icy blue
                  | scales. (AC +2) [Xom's grace]
  4444 | D:5      | Gained mutation: Your movements are slightly less
                  | encumbered by armour. (ER -2) [Xom's grace]
  4444 | D:5      | Gained mutation: You are robust. (+10% HP) [Xom's grace]
  4477 | D:5      | Reached skill level 5 in Shields
  4477 | D:5      | XOM: divine lightning
  4479 | D:5      | XOM: confuse monster(s)
  4740 | D:5      | XOM: god gift: 16 arrows
  5484 | D:6      | XOM: blink monster(s)
  5597 | D:6      | Found a runed door.
  5601 | D:6      | Noticed Crazy Yiuf
  5610 | D:6      | Killed Crazy Yiuf
  5808 | D:7      | Found Taufulil's Distillery.
  5825 | D:7      | Reached skill level 1 in Staves
  5829 | D:7      | Bought a potion of degeneration for 14 gold pieces
  6056 | D:7      | Reached skill level 2 in Staves
  6112 | D:7      | XOM: harmless Pois miscast
  6202 | D:7      | Reached XP level 10. HP: 91/91 MP: 10/10
  6280 | D:7      | Reached skill level 3 in Staves
  6452 | D:7      | XOM: mild Necr miscast
  6611 | D:8      | XOM: noise
  6645 | D:8      | Reached skill level 4 in Staves
  6781 | D:8      | Found a sacrificial altar of Ru.
  6846 | D:8      | Reached skill level 5 in Staves
  6865 | D:8      | XOM: give mutations
  6865 | D:8      | Gained mutation: Your spells are a little harder to cast,
                  | but a little more powerful. [Xom's grace]
  6865 | D:8      | Gained mutation: You are partially covered in thin metallic
                  | scales. (AC +2) [Xom's grace]
  6865 | D:8      | Gained mutation: Your muscles are strong. (Str +2) [Xom's
                  | grace]
  6911 | D:8      | XOM: confuse monster(s)
  6970 | D:8      | XOM: divination: detect items
  7033 | D:8      | XOM: give mutation
  7033 | D:8      | Lost mutation: You are robust. (+10% HP) [Xom's mischief]
  7073 | D:8      | Noticed a two-headed ogre
  7080 | D:8      | XOM: noise
  7087 | D:8      | Killed a two-headed ogre
  7087 | D:8      | Reached skill level 7 in Staves
  7220 | D:8      | XOM: harmless Summ miscast
  7287 | D:8      | Found a shadowy altar of Dithmenos.
  7519 | D:8      | XOM: harmless Summ miscast
  7557 | D:8      | Found a roughly hewn altar of Beogh.
  7592 | D:8      | XOM: summons 3 hostile shadow creatures
  7746 | D:8      | XOM: swap monsters
  7754 | D:8      | Noticed an unseen horror
  7754 | D:8      | a hornet changed into an unseen horror
  7766 | D:8      | XOM: harmless Pois miscast
  7769 | D:8      | Killed an unseen horror
  7769 | D:8      | Reached skill level 8 in Staves
  7769 | D:8      | Reached XP level 11. HP: 80/89 MP: 11/11
  7840 | D:8      | XOM: give mutations
  7840 | D:8      | Lost mutation: Your flesh is cold resistant. (rC+) [Xom's
                  | mischief]
  7840 | D:8      | Lost mutation: Your skin changes colour to match your
                  | surroundings (Stealth+). [Xom's mischief]
  7840 | D:8      | Gained mutation: You are frail. (-10% HP) [Xom's mischief]
  7840 | D:8      | Lost mutation: You possess an exceptional clarity of mind.
                  | [Xom's mischief]
  7853 | D:9      | Found a deep blue altar of Sif Muna.
  7887 | D:9      | Noticed a two-headed ogre
  7895 | D:9      | Killed a two-headed ogre
  7895 | D:9      | Reached skill level 9 in Staves
  7909 | D:9      | XOM: harmless Tloc miscast
  7946 | D:9      | Found a burning altar of Makhleb.
  8000 | D:9      | Found a blossoming altar of Fedhas.
  8069 | D:9      | Reached skill level 10 in Staves
  8255 | D:9      | Found a basalt altar of Yredelemnul.
  8338 | D:9      | XOM: summons friendly white imp
  8343 | D:9      | XOM: polymorph white imp -> shadow imp
  8559 | D:9      | XOM: noise
  8689 | D:10     | Entered Level 10 of the Dungeon
  8715 | D:8      | XOM: harmless Air miscast
  8757 | D:10     | XOM: smoke on damage
  8775 | D:10     | XOM: summons 5 hostile demons
  8779 | D:10     | XOM: polymorph ufetubus -> iron imp
  8935 | D:10     | XOM: draining
  8937 | D:10     | Found a staircase to the Lair.
  9090 | D:10     | XOM: cast spell 'Alistair's Intoxication'
  9095 | D:10     | XOM: chaos cloud
  9129 | D:10     | XOM: chaos upgrade
  9135 | D:10     | Reached skill level 11 in Staves
  9176 | D:10     | XOM: stat loss: -1 Dex (9/10)
  9501 | D:10     | XOM: polymorph troll -> shapeshifter
  9655 | Lair:1   | Entered Level 1 of the Lair of Beasts
  9747 | Lair:1   | XOM: give mutation
  9747 | Lair:1   | Lost mutation: You are frail. (-10% HP) [Xom's mischief]
 10013 | Lair:1   | Reached skill level 12 in Staves
 10035 | Lair:1   | XOM: polymorph blink frog -> black bear
 10039 | Lair:1   | Reached XP level 12. HP: 86/95 MP: 12/12
 10089 | Lair:1   | Got a polished morningstar
 10094 | Lair:1   | XOM: smoke on damage
 10103 | Lair:1   | Identified the cursed +0 morningstar of the World {freeze,
                  | Dex+4} (You found it on level 1 of the Lair of Beasts)
 10111 | Lair:1   | Noticed an eight-headed hydra
 10121 | Lair:1   | Killed an eight-headed hydra
 10276 | Lair:1   | XOM: mild Pois miscast
 10314 | Lair:1   | XOM: medium Air miscast
 10336 | Lair:1   | XOM: harmless Tloc miscast
 10596 | Lair:1   | Noticed Urug
 10603 | Lair:1   | XOM: fog
 10612 | Lair:1   | XOM: chaos upgrade
 10614 | Lair:1   | XOM: swap monsters
 10622 | Lair:1   | Killed Urug
 10622 | Lair:1   | Reached skill level 13 in Staves
 10711 | Lair:1   | XOM: cloud trail
 10850 | Lair:1   | Noticed a seven-headed hydra
 10857 | Lair:1   | Killed an 11-headed hydra
 11253 | Lair:1   | XOM: god gift: runed bardiche {god gift}
 11343 | Lair:2   | XOM: blink monster(s)
 11375 | Lair:2   | Found a staircase to the Snake Pit.
 11388 | Lair:2   | Reached skill level 5 in Long Blades
 11710 | Lair:2   | XOM: harmless Tmut miscast
 11873 | Lair:2   | XOM: severe Ice miscast
 12025 | Lair:2   | XOM: give mutation
 12025 | Lair:2   | Gained mutation: Your body sometimes deteriorates upon
                  | taking damage. [Xom's mischief]
 12198 | Lair:2   | Got a distressingly furry leather armour
 12199 | Lair:2   | Identified the +3 leather armour of Zagi {MR+} (You found
                  | it on level 2 of the Lair of Beasts)
 12342 | Lair:2   | XOM: repel stairs
 12351 | Lair:2   | XOM: confusion
 12352 | Lair:2   | Noticed Prince Ribbit
 12353 | Lair:2   | XOM: divine lightning
 12364 | Lair:2   | Killed Prince Ribbit
 12368 | Lair:2   | XOM: cast spell 'Disjunction'
 12385 | Lair:2   | XOM: smoke on damage
 12399 | Lair:2   | Reached XP level 13. HP: 70/101 MP: 13/13
 12563 | Lair:2   | XOM: silly message
 13067 | Lair:2   | XOM: god gift: scroll of teleportation
 13307 | Lair:3   | XOM: god gift: 2 javelins of penetration
 13313 | Lair:3   | XOM: divination: detect creatures
 13317 | Lair:3   | XOM: summons friendly quasit
 13730 | Lair:3   | XOM: god gift: ration
 13765 | Lair:3   | Reached skill level 10 in Long Blades
 13767 | Lair:3   | XOM: swap monsters
 13843 | Lair:3   | Noticed Tuanipua's ghost (journeyman MiGl)
 13844 | Lair:3   | Noticed a four-headed hydra
 13845 | Lair:3   | Noticed a seven-headed hydra
 13849 | Lair:3   | Found a runed gate.
 13849 | Lair:3   | Found a runed gate.
 13849 | Lair:3   | Found a runed gate.
 13973 | Lair:3   | XOM: god gift: potion of degeneration
 14047 | Lair:3   | XOM: confuse monster(s)
 14099 | Lair:3   | XOM: cleaving
 14118 | Lair:3   | XOM: summons friendly iron imp
 14218 | Lair:3   | XOM: enchant monster (bad)
 14285 | Lair:3   | XOM: summons 6 hostile demons
 14367 | Lair:3   | Reached skill level 10 in Shields
 14428 | Lair:3   | XOM: harmless Tmut miscast
 14554 | Lair:3   | XOM: draining
 14952 | Lair:4   | Noticed a six-headed hydra
 14955 | Lair:4   | XOM: blink monster(s)
 14956 | Lair:4   | XOM: summons friendly shadow imp
 14967 | Lair:4   | XOM: cleaving
 14969 | Lair:4   | XOM: enchant monster (bad)
 14974 | Lair:4   | XOM: cast spell 'Alistair's Intoxication'
 15007 | Lair:4   | XOM: repel stairs
 15014 | Lair:4   | XOM: fake destruction
 15028 | Lair:4   | Killed a 14-headed hydra
 15028 | Lair:4   | XOM: scenery: create altars
 15029 | Lair:4   | Slain by a blink frog

Skill      XL: |  1  2  3  4  5  6  7  8  9 10 11 12 13 |
---------------+----------------------------------------+-----
Armour         | 3 4 5 6 7 9 |  9.0
Fighting       | 4 5 6 7 8 9 |  9.0
Shields        | 2 4 7 9 10 | 10.4
Staves         | 2 8 12 13 | 13.1
Long Blades    | 8 11 | 11.2
Polearms       | |  3.1
Dodging        | |  0.8

Action                   |  1- 3 |  4- 6 |  7- 9 | 10-12 | 13-15 || total
-------------------------+-------+-------+-------+-------+-------++-------
Melee: Spear             |    78 |   255 |   334 |       |       ||   667
       Kick              |       |       |    41 |       |       ||    41
       Quarterstaff      |       |       |    92 |   604 |       ||   696
       Double sword      |       |       |       |   146 |   202 ||   348
 Abil: Dig               |       |     4 |     5 |     4 |     4 ||    17
       Shaft Self        |       |       |     1 |       |       ||     1
Evoke: Wand              |       |       |       |     1 |       ||     1
  Use: Scroll            |       |       |     7 |    10 |       ||    17
       Potion            |       |       |     3 |       |     4 ||     7
 Stab: Paralysed         |     1 |     8 |     6 |     3 |     2 ||    20
       Petrified         |       |     1 |    19 |     7 |       ||    27
       Petrifying        |       |     1 |     1 |     2 |       ||     4
       Confused          |       |       |     1 |     6 |       ||     7
       Invisible         |       |       |       |       |     2 ||     2
  Eat: Chunk             |       |     7 |    16 |    29 |     8 ||    60
       Ration            |       |       |       |     1 |       ||     1
Armor: Leather armour    |    23 |       |       |       |       ||    23
       Chain mail        |    12 |     8 |       |       |       ||    20
       Plate armour      |       |   129 |   167 |   423 |   134 ||   853
Dodge: Dodged            |    40 |    63 |    64 |   229 |    79 ||   475
Block: Shield            |       |       |   141 |   383 |    42 ||   566
       Large shield      |       |       |       |       |   116 ||   116
       Rpst.: Double sword |       |       |       |    25 |    16 ||    41
